[ AOE2 MATCH · #479104807 ]
UnrankedPortuguese vs Cumans
[ REPLAY ANALYSIS · EXTRACTED FROM THE RECORDED GAME ]
Feudal
10:56
Castle
14:27
Imperial
30:23
| APM avg | 26.4 |
| APM peak | 50 |
| eAPM avg | 15.2 |
| Villagers / military | 182 / 320 |
Focus
⚔️ 23.6% · 🌾 76.4%
Organ Gun ×317 · Trebuchet (Packed) ×3
Feudal
11:00
Castle
14:30
Imperial
29:49
| APM avg | 60.2 |
| APM peak | 123 |
| eAPM avg | 43.3 |
| Villagers / military | 240 / 480 |
Focus
⚔️ 36.9% · 🌾 63.1%
Knight ×455 · Trade Cart ×101 · Bombard Cannon ×21 · Monk ×2 · Scorpion ×2
Feudal
10:13
Castle
13:52
Imperial
30:29
| APM avg | 40.9 |
| APM peak | 101 |
| eAPM avg | 34.2 |
| Villagers / military | 296 / 528 |
Focus
⚔️ 25.3% · 🌾 74.7%
Knight ×230 · Scout Cavalry ×125 · Trade Cart ×77 · Skirmisher ×70 · Battering Ram ×53 · Hand Cannoneer ×42
Feudal
—
Castle
—
Imperial
—
| APM avg | 453.7 |
| APM peak | 5089 |
| eAPM avg | 451.3 |
| Villagers / military | 0 / 97 |
Focus
⚔️ 68.7% · 🌾 31.3%
Spearman ×31 · Knight ×29 · Scout Cavalry ×29 · Monk ×6 · Kipchak ×2
Feudal
—
Castle
—
Imperial
—
| APM avg | 800.2 |
| APM peak | 7982 |
| eAPM avg | 799.2 |
| Villagers / military | 0 / 162 |
Focus
⚔️ 73.5% · 🌾 26.5%
Spearman ×86 · Archer ×46 · Unknown (2579) ×30 · Battering Ram ×13 · Monk ×12 · Skirmisher ×4
Feudal
—
Castle
—
Imperial
—
| APM avg | 1392.7 |
| APM peak | 21938 |
| eAPM avg | 1391.9 |
| Villagers / military | 0 / 505 |
Focus
⚔️ 73.5% · 🌾 26.5%
Scout Cavalry ×176 · Spearman ×160 · Rattan Archer ×91 · Battle Elephant ×24 · Skirmisher ×19 · Elite Battle Elephant ×19
Feudal
—
Castle
—
Imperial
—
| APM avg | 886.0 |
| APM peak | 13088 |
| eAPM avg | 884.8 |
| Villagers / military | 0 / 461 |
Focus
⚔️ 72.6% · 🌾 27.4%
Scout Cavalry ×174 · Spearman ×161 · Knight ×84 · Battering Ram ×29 · Trebuchet (Packed) ×6 · Monk ×5
Feudal
—
Castle
—
Imperial
—
| APM avg | 1553.8 |
| APM peak | 20722 |
| eAPM avg | 1553.0 |
| Villagers / military | 0 / 62 |
Focus
⚔️ 83.8% · 🌾 16.2%
Spearman ×18 · Scout Cavalry ×15 · Longbowman ×14 · Skirmisher ×11 · Monk ×4
Match map
Initial resources + every placement click. Lines = walls · curves = elevation contours. ◆ gold · ⬟ stone · ● berries · ✦ relic · ◌ wall gap
Your base· ✓ Closed at 14:27 · 0t walls · 2 gate(s)
重冲王's base· ✓ Closed at 14:30 · 17t walls · 2 gate(s)
About 130 points's base· ✓ Closed at 13:52 · 0t walls · 2 gate(s)
's base· ✓ Closed at 12:00 · 0t walls · 2 gate(s)
's base· ✓ Closed at 12:00 · 0t walls · 2 gate(s)
's base· ✓ Closed at 12:00 · 0t walls · 2 gate(s)
's base· ✓ Closed at 12:00 · 0t walls · 2 gate(s)
's base· ✓ Closed at 12:00 · 0t walls · 3 gate(s)
Smoothed initial terrain · ◌ = detected wall gap · hover for details
Inputs per minute
— 冰棍砸大哥 - - 重冲王
Build order — 冰棍砸大哥
First 150 of 314 actions detected
| 0:01 | Create | Villager (Male) |
| 0:01 | Create | Villager (Male) |
| 0:02 | Create | Villager (Male) |
| 0:02 | Create | Villager (Male) |
| 0:02 | Create | Villager (Male) |
| 0:03 | Build | House |
| 0:05 | Build | House |
| 1:25 | Create | Villager (Male) |
| 1:46 | Build | Mill |
| 1:51 | Create | Villager (Male) |
| 2:29 | Create | Villager (Male) |
| 2:29 | Create | Villager (Male) |
| 2:38 | Create | Villager (Male) |
| 2:57 | Build | House |
| 2:59 | Build | House |
| 3:11 | Create | Villager (Male) |
| 3:33 | Create | Villager (Male) |
| 3:50 | Create | Villager (Male) |
| 4:24 | Create | Villager (Male) |
| 4:25 | Create | Villager (Male) |
| 4:45 | Create | Villager (Male) |
| 5:00 | Create | Villager (Male) |
| 5:24 | Create | Villager (Male) |
| 5:25 | Create | Villager (Male) |
| 5:59 | Create | Villager (Male) |
| 6:12 | Build | Lumber Camp |
| 6:25 | Create | Villager (Male) |
| 6:26 | Create | Villager (Male) |
| 6:26 | Create | Villager (Male) |
| 6:26 | Create | Villager (Male) |
| 7:09 | Build | Mill |
| 7:38 | Create | Villager (Male) |
| 8:04 | Research | Feudal Age |
| 8:36 | Build | Mining Camp |
| 10:06 | Create | Villager (Male) |
| 10:07 | Create | Villager (Male) |
| 10:12 | Build | House |
| 10:56 | Age | Feudal Age |
| 11:10 | Build | Market |
| 11:15 | Build | Blacksmith |
| 11:47 | Research | Castle Age |
| 11:47 | Research | Castle Age |
| 11:54 | Build | Farm |
| 11:55 | Build | Farm |
| 12:02 | Build | Farm |
| 12:17 | Research | Double-Bit Axe |
| 12:29 | Research | Horse Collar |
| 12:39 | Create | Villager (Male) |
| 12:39 | Create | Villager (Male) |
| 13:27 | Build | Farm |
| 13:27 | Build | Farm |
| 14:27 | Age | Castle Age |
| 14:31 | Research | Bow Saw |
| 14:37 | Build | Town Center |
| 15:21 | Build | Town Center |
| 15:28 | Create | Villager (Male) |
| 15:43 | Create | Villager (Male) |
| 15:44 | Create | Villager (Male) ×4 |
| 15:45 | Create | Villager (Male) ×4 |
| 15:50 | Create | Villager (Male) ×4 |
| 15:50 | Create | Villager (Male) ×4 |
| 15:56 | Build | Farm |
| 15:56 | Build | Farm |
| 15:56 | Build | Farm |
| 15:57 | Build | Farm |
| 16:25 | Build | Farm |
| 16:25 | Build | Farm |
| 16:34 | Create | Villager (Male) ×2 |
| 16:42 | Create | Villager (Male) |
| 16:52 | Create | Villager (Male) |
| 16:59 | Build | Farm |
| 17:00 | Build | Farm |
| 17:00 | Build | Farm |
| 17:01 | Build | Farm |
| 17:02 | Build | Farm |
| 17:18 | Create | Villager (Male) |
| 17:18 | Research | Loom |
| 17:19 | Research | Loom |
| 17:24 | Build | Farm |
| 17:26 | Build | Farm |
| 17:28 | Build | Farm |
| 17:28 | Build | Farm |
| 17:32 | Build | Farm |
| 17:32 | Build | Farm |
| 17:45 | Build | Farm |
| 17:48 | Create | Villager (Male) |
| 17:48 | Create | Villager (Male) |
| 17:48 | Create | Villager (Male) |
| 17:56 | Build | House |
| 17:57 | Build | House |
| 17:58 | Build | House |
| 17:59 | Build | House |
| 18:00 | Build | House |
| 18:17 | Research | Wheelbarrow |
| 18:30 | Build | Farm |
| 18:31 | Build | Farm |
| 18:42 | Build | Farm |
| 18:45 | Build | Farm |
| 18:52 | Create | Villager (Male) ×4 |
| 18:52 | Create | Villager (Male) ×4 |
| 19:26 | Build | Town Center |
| 20:20 | Build | House |
| 20:21 | Build | House |
| 20:22 | Build | House |
| 20:23 | Build | House |
| 20:24 | Build | House |
| 20:30 | Create | Villager (Male) ×5 |
| 20:30 | Create | Villager (Male) ×5 |
| 20:30 | Create | Villager (Male) ×5 |
| 21:04 | Research | Hand Cart |
| 21:11 | Create | Villager (Male) |
| 21:11 | Create | Villager (Male) |
| 21:16 | Create | Villager (Male) |
| 21:37 | Build | Mining Camp |
| 21:46 | Create | Villager (Male) |
| 21:47 | Create | Villager (Male) |
| 21:47 | Create | Villager (Male) |
| 21:54 | Create | Villager (Male) ×3 |
| 22:03 | Research | Heavy Plow |
| 22:08 | Research | Gold Mining |
| 22:18 | Build | House |
| 22:18 | Build | House |
| 22:36 | Build | University |
| 22:43 | Build | Monastery |
| 22:48 | Create | Villager (Male) ×5 |
| 22:48 | Create | Villager (Male) ×5 |
| 23:12 | Research | Stone Mining |
| 23:41 | Build | Farm |
| 23:42 | Build | Farm |
| 23:43 | Build | Farm |
| 23:44 | Build | Farm |
| 23:45 | Build | Farm |
| 23:45 | Build | Farm |
| 23:47 | Build | Farm |
| 23:52 | Create | Villager (Male) ×5 |
| 23:55 | Create | Villager (Male) |
| 23:56 | Create | Villager (Male) |
| 23:56 | Create | Villager (Male) |
| 24:25 | Build | Mining Camp |
| 24:37 | Create | Villager (Male) ×5 |
| 24:40 | Create | Villager (Male) |
| 24:41 | Create | Villager (Male) |
| 24:41 | Create | Villager (Male) |
| 24:53 | Build | Farm |
| 24:53 | Build | Farm |
| 24:53 | Build | Farm |
| 24:53 | Build | Farm |
| 24:55 | Build | Farm |
| 24:56 | Build | Farm |
| 25:10 | Build | House |
Build order — 重冲王
First 150 of 721 actions detected
| 0:03 | Create | Villager (Male) |
| 0:04 | Build | House |
| 0:05 | Build | House |
| 0:07 | Build | House |
| 0:11 | Create | Villager (Male) |
| 0:27 | Create | Villager (Male) |
| 0:27 | Create | Villager (Male) |
| 1:34 | Build | Palisade Wall |
| 1:35 | Build | Palisade Wall |
| 1:37 | Build | Palisade Wall |
| 1:37 | Build | Palisade Wall |
| 1:38 | Build | Palisade Wall |
| 1:39 | Build | Palisade Wall |
| 1:40 | Build | Palisade Wall |
| 1:41 | Build | Palisade Wall |
| 1:45 | Create | Villager (Male) |
| 1:53 | Build | Palisade Wall |
| 1:53 | Build | Palisade Wall |
| 1:54 | Build | Palisade Wall |
| 1:56 | Build | Palisade Wall |
| 1:57 | Build | Palisade Wall |
| 2:01 | Create | Villager (Male) |
| 2:05 | Build | Lumber Camp |
| 2:19 | Create | Villager (Male) |
| 2:19 | Create | Villager (Male) |
| 2:48 | Create | Villager (Male) |
| 3:14 | Create | Villager (Male) |
| 3:34 | Build | House |
| 3:45 | Create | Villager (Male) |
| 4:03 | Create | Villager (Male) |
| 4:03 | Create | Villager (Male) |
| 4:35 | Build | Mill |
| 4:38 | Create | Villager (Male) |
| 4:38 | Create | Villager (Male) |
| 4:53 | Create | Villager (Male) |
| 5:09 | Create | Villager (Male) |
| 5:39 | Create | Villager (Male) |
| 5:39 | Create | Villager (Male) |
| 6:01 | Build | House |
| 6:10 | Create | Villager (Male) |
| 6:24 | Create | Villager (Male) |
| 6:52 | Create | Villager (Male) |
| 6:52 | Create | Villager (Male) |
| 6:53 | Create | Villager (Male) |
| 8:43 | Research | Feudal Age |
| 8:57 | Build | Mining Camp |
| 9:14 | Build | Farm |
| 9:41 | Create | Villager (Male) |
| 9:42 | Create | Villager (Male) |
| 9:57 | Build | House |
| 11:00 | Age | Feudal Age |
| 11:02 | Build | Blacksmith |
| 11:03 | Build | Market |
| 11:05 | Research | Double-Bit Axe |
| 11:19 | Research | Horse Collar |
| 11:50 | Research | Castle Age |
| 11:50 | Research | Castle Age |
| 12:03 | Build | Farm |
| 12:05 | Build | Farm |
| 12:26 | Build | House |
| 12:53 | Build | Farm |
| 12:55 | Build | Farm |
| 13:26 | Create | Villager (Male) |
| 13:29 | Create | Villager (Male) |
| 13:50 | Build | Farm |
| 13:52 | Build | Farm |
| 13:55 | Build | Farm |
| 14:30 | Age | Castle Age |
| 14:32 | Build | Town Center |
| 14:34 | Build | Town Center |
| 14:34 | Research | Bow Saw |
| 14:57 | Build | Monastery |
| 15:13 | Build | Monastery |
| 15:15 | Create | Villager (Male) |
| 15:17 | Build | Farm |
| 15:29 | Build | Farm |
| 15:29 | Build | Farm |
| 15:33 | Build | Farm |
| 15:35 | Build | Farm |
| 15:38 | Create | Villager (Male) |
| 15:48 | Build | Farm |
| 15:49 | Create | Villager (Male) |
| 15:52 | Create | Villager (Male) |
| 15:55 | Create | Villager (Male) |
| 15:57 | Build | Farm |
| 15:59 | Create | Monk |
| 16:01 | Build | Farm |
| 16:03 | Create | Villager (Male) |
| 16:04 | Create | Villager (Male) |
| 16:13 | Create | Villager (Male) |
| 16:15 | Build | Farm |
| 16:22 | Create | Villager (Male) |
| 16:23 | Build | Farm |
| 16:26 | Build | Farm |
| 16:29 | Build | Farm |
| 16:33 | Create | Villager (Male) |
| 16:46 | Build | Farm |
| 16:47 | Create | Villager (Male) |
| 16:59 | Create | Villager (Male) |
| 17:03 | Create | Villager (Male) |
| 17:14 | Create | Villager (Male) |
| 17:23 | Create | Villager (Male) |
| 17:25 | Create | Villager (Male) |
| 17:25 | Create | Villager (Male) |
| 17:31 | Build | House |
| 17:39 | Research | Wheelbarrow |
| 17:47 | Create | Villager (Male) |
| 17:50 | Build | Town Center |
| 17:54 | Create | Villager (Male) |
| 17:54 | Create | Villager (Male) |
| 17:57 | Create | Villager (Male) |
| 17:58 | Create | Villager (Male) |
| 18:00 | Build | House |
| 18:02 | Create | Villager (Male) |
| 18:02 | Create | Villager (Male) |
| 18:07 | Build | House |
| 18:14 | Create | Villager (Male) |
| 18:14 | Create | Villager (Male) |
| 18:16 | Build | Farm |
| 18:23 | Build | Farm |
| 18:23 | Create | Villager (Male) |
| 18:26 | Build | Farm |
| 18:29 | Create | Villager (Male) |
| 18:30 | Research | Loom |
| 18:35 | Build | Farm |
| 18:40 | Create | Villager (Male) |
| 18:49 | Create | Villager (Male) |
| 18:50 | Create | Villager (Male) |
| 18:53 | Build | Farm |
| 18:55 | Create | Villager (Male) |
| 19:04 | Create | Villager (Male) |
| 19:05 | Create | Villager (Male) |
| 19:05 | Create | Villager (Male) |
| 19:14 | Create | Villager (Male) |
| 19:14 | Create | Villager (Male) |
| 19:18 | Build | Farm |
| 19:25 | Build | Town Center |
| 19:26 | Create | Villager (Male) |
| 19:27 | Create | Villager (Male) |
| 19:28 | Build | Farm |
| 19:30 | Build | Farm |
| 19:31 | Create | Villager (Male) |
| 19:31 | Create | Villager (Male) |
| 19:33 | Build | Farm |
| 19:34 | Create | Villager (Male) |
| 19:40 | Build | House |
| 19:46 | Build | Farm |
| 19:46 | Create | Villager (Male) |
| 19:49 | Build | House |
| 19:51 | Create | Villager (Male) |
Build order — About 130 points
First 150 of 710 actions detected
| 0:04 | Build | House |
| 0:05 | Build | House |
| 0:07 | Build | House |
| 0:07 | Create | Villager (Male) ×4 |
| 0:08 | Create | Villager (Male) ×4 |
| 1:32 | Create | Villager (Male) |
| 1:32 | Create | Villager (Male) |
| 1:54 | Create | Villager (Male) |
| 1:54 | Create | Villager (Male) |
| 2:00 | Build | Lumber Camp |
| 2:24 | Create | Villager (Male) |
| 2:25 | Create | Villager (Male) |
| 2:51 | Create | Villager (Male) |
| 2:51 | Create | Villager (Male) |
| 3:07 | Create | Villager (Male) |
| 3:08 | Create | Villager (Male) |
| 3:43 | Create | Villager (Male) |
| 3:44 | Create | Villager (Male) |
| 4:13 | Create | Villager (Male) ×2 |
| 4:13 | Create | Villager (Male) |
| 4:25 | Build | Mill |
| 4:54 | Create | Villager (Male) |
| 4:55 | Create | Villager (Male) |
| 5:02 | Create | Villager (Male) ×2 |
| 5:02 | Create | Villager (Male) ×2 |
| 5:04 | Build | House |
| 5:58 | Create | Villager (Male) |
| 5:59 | Create | Villager (Male) |
| 6:21 | Create | Villager (Male) ×3 |
| 6:22 | Create | Villager (Male) |
| 6:28 | Build | Mill |
| 6:29 | Create | Villager (Male) ×3 |
| 6:29 | Create | Villager (Male) ×3 |
| 6:30 | Create | Villager (Male) ×3 |
| 6:36 | Create | Villager (Male) |
| 6:36 | Create | Villager (Male) |
| 7:54 | Build | Mining Camp |
| 7:56 | Research | Feudal Age |
| 7:56 | Research | Feudal Age |
| 8:17 | Create | Villager (Male) |
| 8:17 | Create | Villager (Male) |
| 8:21 | Create | Villager (Male) |
| 10:13 | Age | Feudal Age |
| 10:18 | Build | Market |
| 10:32 | Build | Blacksmith |
| 11:12 | Research | Castle Age |
| 11:12 | Research | Castle Age |
| 11:16 | Research | Double-Bit Axe |
| 11:16 | Research | Double-Bit Axe |
| 11:37 | Build | House |
| 12:12 | Research | Horse Collar |
| 12:12 | Research | Horse Collar |
| 12:31 | Build | Farm |
| 12:38 | Build | Farm |
| 12:55 | Create | Villager (Male) |
| 12:56 | Create | Villager (Male) |
| 13:52 | Age | Castle Age |
| 13:57 | Build | Town Center |
| 14:06 | Build | Monastery |
| 14:10 | Research | Bow Saw |
| 14:10 | Research | Bow Saw |
| 14:25 | Create | Villager (Male) |
| 14:30 | Build | House |
| 14:44 | Create | Missionary |
| 14:44 | Create | Missionary |
| 14:44 | Create | Missionary |
| 14:50 | Create | Villager (Male) |
| 14:59 | Build | Town Center |
| 15:05 | Create | Villager (Male) |
| 15:11 | Build | Farm |
| 15:25 | Build | Farm |
| 15:30 | Build | Farm |
| 15:32 | Create | Villager (Male) |
| 15:32 | Create | Villager (Male) |
| 15:47 | Build | Farm |
| 15:57 | Create | Villager (Male) |
| 15:57 | Create | Villager (Male) |
| 16:01 | Build | Farm |
| 16:07 | Build | Farm |
| 16:17 | Build | Farm |
| 16:18 | Create | Villager (Male) |
| 16:18 | Create | Villager (Male) |
| 16:24 | Build | Farm |
| 16:32 | Create | Villager (Male) |
| 16:32 | Create | Villager (Male) |
| 16:36 | Build | Farm |
| 16:48 | Create | Missionary |
| 16:56 | Create | Villager (Male) |
| 16:56 | Create | Villager (Male) |
| 16:56 | Create | Villager (Male) |
| 16:58 | Build | Farm |
| 16:59 | Build | Farm |
| 17:05 | Build | Farm |
| 17:11 | Create | Villager (Male) |
| 17:12 | Create | Villager (Male) |
| 17:12 | Create | Villager (Male) |
| 17:25 | Create | Villager (Male) |
| 17:25 | Create | Villager (Male) |
| 17:25 | Create | Villager (Male) |
| 17:26 | Create | Villager (Male) |
| 17:26 | Create | Villager (Male) |
| 17:27 | Create | Villager (Male) |
| 17:32 | Build | Farm |
| 17:38 | Build | Farm |
| 17:38 | Build | Farm |
| 17:38 | Build | Farm |
| 17:38 | Build | Farm |
| 17:39 | Build | Farm |
| 17:39 | Build | Farm |
| 17:39 | Build | Farm |
| 17:40 | Create | Villager (Male) |
| 17:41 | Create | Villager (Male) |
| 17:48 | Create | Villager (Male) |
| 17:52 | Build | Farm |
| 17:57 | Create | Villager (Male) |
| 18:07 | Build | House |
| 18:12 | Create | Villager (Male) |
| 18:12 | Create | Villager (Male) |
| 18:18 | Build | House |
| 18:22 | Create | Villager (Male) |
| 18:22 | Create | Villager (Male) |
| 18:29 | Create | Villager (Male) |
| 18:30 | Create | Villager (Male) |
| 18:43 | Create | Villager (Male) |
| 18:43 | Create | Villager (Male) |
| 18:43 | Create | Villager (Male) |
| 18:44 | Create | Villager (Male) |
| 18:51 | Create | Villager (Male) |
| 18:51 | Create | Villager (Male) |
| 18:56 | Create | Villager (Male) |
| 18:56 | Create | Villager (Male) |
| 18:56 | Create | Villager (Male) |
| 19:15 | Build | Town Center |
| 19:16 | Create | Villager (Male) ×2 |
| 19:16 | Create | Villager (Male) |
| 19:18 | Build | House |
| 19:26 | Create | Missionary |
| 19:28 | Create | Villager (Male) ×2 |
| 19:28 | Create | Villager (Male) ×2 |
| 19:34 | Build | Farm |
| 19:35 | Build | Farm |
| 19:39 | Create | Villager (Male) |
| 19:39 | Create | Villager (Male) |
| 19:45 | Build | Farm |
| 19:46 | Create | Villager (Male) |
| 19:47 | Create | Villager (Male) |
| 19:49 | Build | House |
| 19:51 | Create | Villager (Male) |
| 19:52 | Create | Villager (Male) |
| 20:08 | Create | Villager (Male) |
Build order —
First 150 of 395 actions detected
| 0:00 | Build | House |
| 0:04 | Build | House |
| 1:44 | Build | Lumber Camp |
| 3:47 | Build | House |
| 4:12 | Build | Mill |
| 5:52 | Build | House |
| 6:24 | Build | Lumber Camp |
| 6:42 | Research | Tech None |
| 7:32 | Research | Tech None |
| 9:20 | Build | Mining Camp |
| 9:45 | Build | Mill |
| 9:51 | Build | House |
| 10:07 | Build | Town Center |
| 10:20 | Research | Tech None |
| 10:37 | Build | House |
| 11:16 | Research | Tech None |
| 12:14 | Build | Market |
| 12:49 | Build | Farm |
| 13:12 | Build | House |
| 13:27 | Research | Tech None |
| 13:32 | Build | Blacksmith |
| 13:50 | Build | Farm |
| 13:56 | Build | Farm |
| 14:15 | Build | Farm |
| 14:26 | Build | Farm |
| 14:38 | Build | Farm |
| 14:52 | Build | House |
| 15:01 | Build | Farm |
| 15:10 | Build | Farm |
| 15:27 | Build | Farm |
| 15:40 | Build | Farm |
| 15:55 | Build | Farm |
| 15:59 | Build | House |
| 16:09 | Build | Farm |
| 16:26 | Build | Farm |
| 16:32 | Build | Farm |
| 16:39 | Build | Farm |
| 16:53 | Build | Farm |
| 16:56 | Build | Farm |
| 16:56 | Build | House |
| 17:04 | Build | Farm |
| 17:07 | Build | Farm |
| 17:13 | Build | Farm |
| 17:25 | Build | Farm |
| 17:33 | Build | Farm |
| 17:38 | Build | Farm |
| 17:55 | Build | Farm |
| 18:03 | Build | House |
| 18:07 | Build | Farm |
| 18:15 | Build | Farm |
| 18:37 | Build | Lumber Camp |
| 18:44 | Build | Farm |
| 18:59 | Build | Farm |
| 19:05 | Build | House |
| 19:07 | Build | Farm |
| 19:19 | Build | Farm |
| 19:39 | Build | Lumber Camp |
| 19:42 | Build | Farm |
| 19:44 | Research | Tech None |
| 20:36 | Build | House |
| 20:45 | Build | Lumber Camp |
| 21:28 | Research | Tech None |
| 21:40 | Build | Farm |
| 21:42 | Build | Mill |
| 22:25 | Research | Tech None |
| 22:25 | Build | Town Center |
| 22:27 | Research | Tech None |
| 22:27 | Build | Castle |
| 22:31 | Research | Tech None |
| 23:07 | Build | Town Center |
| 23:12 | Build | House |
| 23:14 | Build | House |
| 23:34 | Build | Farm |
| 23:39 | Build | Farm |
| 23:46 | Build | Farm |
| 23:48 | Build | House |
| 23:53 | Build | House |
| 23:59 | Research | Tech None |
| 24:02 | Create | Kipchak |
| 24:12 | Build | Farm |
| 24:30 | Research | Tech None |
| 24:34 | Build | Monastery |
| 24:43 | Build | Farm |
| 24:47 | Build | Lumber Camp |
| 24:53 | Research | Tech None |
| 25:00 | Build | Farm |
| 25:05 | Build | Farm |
| 25:14 | Build | Mining Camp |
| 25:21 | Build | Farm |
| 25:21 | Create | Monk |
| 25:26 | Build | Farm |
| 25:37 | Create | Kipchak |
| 25:42 | Build | Farm |
| 25:51 | Build | Farm |
| 26:08 | Build | Farm |
| 26:16 | Research | Tech None |
| 26:16 | Build | Farm |
| 26:19 | Research | Tech None |
| 26:19 | Research | Tech None |
| 26:27 | Build | Farm |
| 26:32 | Build | Barracks |
| 26:36 | Build | Farm |
| 26:53 | Build | Barracks |
| 27:03 | Build | Farm |
| 27:06 | Research | Tech None |
| 27:06 | Build | Farm |
| 27:16 | Build | Farm |
| 27:23 | Build | Barracks |
| 27:39 | Build | Barracks |
| 27:46 | Build | Barracks |
| 27:54 | Build | Farm |
| 28:05 | Build | Farm |
| 28:12 | Build | Farm |
| 28:18 | Build | Stable |
| 28:22 | Build | House |
| 28:24 | Build | House |
| 28:27 | Build | House |
| 28:30 | Research | Tech None |
| 28:39 | Build | Stable |
| 28:48 | Build | Lumber Camp |
| 29:00 | Build | Stable |
| 29:06 | Build | Stable |
| 29:16 | Build | Stable |
| 29:21 | Build | Stable |
| 29:28 | Research | Tech None |
| 29:33 | Build | Stable |
| 29:37 | Research | Tech None |
| 29:40 | Research | Tech None |
| 29:48 | Research | Tech None |
| 29:52 | Build | Siege Workshop |
| 29:52 | Build | Market |
| 29:54 | Create | Knight |
| 30:01 | Build | Siege Workshop |
| 30:07 | Create | Knight |
| 30:10 | Create | Knight |
| 30:10 | Build | Stable |
| 30:18 | Build | Stable |
| 30:21 | Create | Knight |
| 30:23 | Build | Market |
| 30:24 | Build | Farm |
| 30:27 | Build | Farm |
| 30:29 | Research | Tech None |
| 30:29 | Build | House |
| 30:30 | Create | Knight |
| 30:32 | Create | Knight |
| 30:32 | Create | Scout Cavalry |
| 30:32 | Build | House |
| 30:33 | Research | Tech None |
| 30:33 | Create | Scout Cavalry |
| 30:33 | Build | House |
Build order —
First 150 of 555 actions detected
| 0:00 | Build | House |
| 0:04 | Build | House |
| 1:44 | Build | Settlement |
| 3:55 | Build | Settlement |
| 7:33 | Build | Farm |
| 7:35 | Build | Farm |
| 7:56 | Build | House |
| 8:11 | Build | Settlement |
| 9:04 | Build | Settlement |
| 9:13 | Build | Farm |
| 9:15 | Build | Farm |
| 9:34 | Research | Tech None |
| 9:36 | Build | Farm |
| 11:12 | Build | Settlement |
| 11:47 | Build | Market |
| 12:18 | Build | Blacksmith |
| 12:56 | Research | Tech None |
| 13:03 | Research | Tech None |
| 13:27 | Research | Tech None |
| 13:34 | Build | Farm |
| 13:47 | Build | Farm |
| 14:04 | Build | Farm |
| 14:59 | Build | Farm |
| 15:45 | Research | Tech None |
| 15:47 | Build | Town Center |
| 15:51 | Build | Town Center |
| 16:07 | Build | House |
| 16:11 | Build | House |
| 16:22 | Build | Farm |
| 16:35 | Research | Tech None |
| 16:47 | Research | Tech None |
| 17:12 | Research | Tech None |
| 17:33 | Build | Farm |
| 17:38 | Build | Farm |
| 17:59 | Build | Farm |
| 18:03 | Build | Farm |
| 18:09 | Build | Farm |
| 18:27 | Build | Farm |
| 18:42 | Build | Farm |
| 18:51 | Build | Farm |
| 19:01 | Build | Settlement |
| 19:11 | Build | Farm |
| 19:28 | Build | Farm |
| 19:33 | Build | Farm |
| 19:42 | Build | Farm |
| 19:55 | Build | Farm |
| 20:03 | Build | Farm |
| 20:09 | Build | Farm |
| 20:24 | Build | Farm |
| 20:26 | Build | Farm |
| 20:33 | Build | Farm |
| 20:39 | Build | Farm |
| 21:11 | Research | Tech None |
| 21:24 | Build | Town Center |
| 21:26 | Build | House |
| 21:32 | Build | House |
| 21:45 | Build | Farm |
| 21:48 | Build | Farm |
| 21:49 | Build | Farm |
| 21:53 | Build | Farm |
| 22:04 | Build | Farm |
| 22:06 | Build | House |
| 22:12 | Build | Farm |
| 22:14 | Build | Farm |
| 22:20 | Build | Settlement |
| 22:25 | Build | Farm |
| 22:42 | Build | Farm |
| 22:45 | Build | Farm |
| 22:56 | Build | Farm |
| 23:02 | Build | House |
| 23:04 | Build | House |
| 23:07 | Build | Monastery |
| 23:28 | Build | Siege Workshop |
| 23:32 | Research | Tech None |
| 23:36 | Build | Farm |
| 23:44 | Build | Farm |
| 23:56 | Build | Farm |
| 23:59 | Build | Farm |
| 24:05 | Create | Monk |
| 24:10 | Build | Farm |
| 24:16 | Build | Farm |
| 24:17 | Research | Tech None |
| 24:31 | Build | Barracks |
| 24:57 | Create | Mangonel |
| 25:02 | Build | Farm |
| 25:10 | Build | Farm |
| 25:12 | Build | House |
| 25:14 | Build | House |
| 25:26 | Build | Farm |
| 25:31 | Build | Farm |
| 25:44 | Build | House |
| 25:51 | Build | Farm |
| 25:58 | Build | House |
| 26:00 | Build | Farm |
| 26:16 | Research | Tech None |
| 26:16 | Build | Farm |
| 26:18 | Build | Farm |
| 26:32 | Research | Tech None |
| 26:38 | Build | Settlement |
| 26:51 | Build | Archery Range |
| 27:06 | Build | Archery Range |
| 27:07 | Research | Tech None |
| 27:07 | Build | House |
| 27:09 | Build | House |
| 27:20 | Build | University |
| 27:20 | Build | Market |
| 27:39 | Build | Farm |
| 27:58 | Build | Barracks |
| 28:16 | Build | Farm |
| 28:28 | Build | Barracks |
| 28:32 | Build | Barracks |
| 28:48 | Build | Farm |
| 28:53 | Build | Farm |
| 28:54 | Build | House |
| 28:55 | Build | House |
| 28:59 | Build | Castle |
| 29:06 | Build | Market |
| 29:18 | Build | Farm |
| 29:28 | Build | House |
| 29:28 | Build | House |
| 29:31 | Build | House |
| 29:37 | Research | Tech None |
| 29:38 | Research | Tech None |
| 29:50 | Build | Barracks |
| 30:03 | Build | Barracks |
| 30:03 | Build | Market |
| 30:09 | Build | Farm |
| 30:12 | Build | Farm |
| 30:33 | Build | House |
| 30:34 | Build | House |
| 30:36 | Research | Tech None |
| 30:36 | Build | House |
| 30:38 | Research | Tech None |
| 30:43 | Research | Tech None |
| 30:48 | Build | Castle |
| 30:52 | Research | Tech None |
| 30:57 | Build | Settlement |
| 31:04 | Build | Settlement |
| 31:19 | Research | Tech None |
| 31:25 | Build | Barracks |
| 31:29 | Build | Barracks |
| 31:33 | Build | Market |
| 31:41 | Research | Tech None |
| 31:44 | Create | Spearman |
| 31:47 | Build | Market |
| 31:57 | Research | Tech None |
| 31:57 | Build | Farm |
| 32:06 | Create | Spearman |
| 32:11 | Research | Tech None |
| 32:14 | Build | Farm |
Build order —
First 150 of 892 actions detected
| 0:00 | Build | House |
| 0:03 | Build | House |
| 1:44 | Build | Lumber Camp |
| 3:46 | Build | House |
| 4:08 | Build | Mill |
| 5:17 | Build | Lumber Camp |
| 6:13 | Build | Mill |
| 6:37 | Build | House |
| 7:48 | Build | Mining Camp |
| 8:18 | Build | Farm |
| 8:31 | Build | House |
| 9:06 | Build | Farm |
| 9:45 | Research | Tech None |
| 10:44 | Build | Lumber Camp |
| 11:38 | Build | Lumber Camp |
| 11:56 | Build | Market |
| 12:25 | Build | House |
| 12:41 | Build | Blacksmith |
| 13:12 | Research | Tech None |
| 13:38 | Research | Tech None |
| 13:38 | Build | House |
| 13:47 | Build | Farm |
| 13:49 | Research | Tech None |
| 14:00 | Build | Farm |
| 14:09 | Build | Farm |
| 14:12 | Build | Farm |
| 14:19 | Build | Farm |
| 14:27 | Build | Farm |
| 16:20 | Research | Tech None |
| 16:20 | Build | Farm |
| 16:22 | Build | Town Center |
| 16:47 | Build | Town Center |
| 16:48 | Research | Tech None |
| 17:00 | Build | House |
| 17:04 | Research | Tech None |
| 17:04 | Build | House |
| 17:09 | Research | Tech None |
| 17:15 | Build | Farm |
| 17:28 | Build | Farm |
| 18:17 | Build | Farm |
| 18:23 | Build | Farm |
| 18:59 | Build | Farm |
| 19:11 | Build | Town Center |
| 19:28 | Build | Farm |
| 19:59 | Build | Farm |
| 20:29 | Build | Monastery |
| 20:29 | Build | Monastery |
| 20:32 | Build | Farm |
| 20:33 | Build | Farm |
| 20:35 | Research | Tech None |
| 20:35 | Build | House |
| 20:41 | Build | Farm |
| 20:48 | Build | Castle |
| 20:54 | Build | Farm |
| 20:59 | Build | Farm |
| 21:09 | Build | Farm |
| 21:21 | Build | Farm |
| 21:37 | Build | Farm |
| 21:43 | Build | Farm |
| 21:56 | Build | Farm |
| 22:06 | Create | Monk |
| 22:08 | Build | Farm |
| 22:16 | Build | Farm |
| 22:20 | Build | Lumber Camp |
| 22:22 | Build | Mining Camp |
| 22:34 | Build | Farm |
| 22:48 | Build | Farm |
| 22:55 | Create | Rattan Archer |
| 23:00 | Build | Farm |
| 23:16 | Build | Farm |
| 23:28 | Build | Farm |
| 23:41 | Build | Farm |
| 23:46 | Create | Rattan Archer |
| 23:52 | Build | Farm |
| 24:02 | Research | Tech None |
| 24:02 | Build | Barracks |
| 24:10 | Build | Farm |
| 24:15 | Research | Tech None |
| 24:17 | Build | Farm |
| 24:39 | Build | Farm |
| 24:47 | Build | Mining Camp |
| 24:51 | Create | Rattan Archer |
| 24:57 | Build | Farm |
| 24:58 | Build | House |
| 25:00 | Build | House |
| 25:05 | Build | Farm |
| 25:17 | Research | Tech None |
| 25:18 | Create | Rattan Archer |
| 25:23 | Build | Farm |
| 25:29 | Build | Farm |
| 25:36 | Build | Archery Range |
| 25:47 | Build | Farm |
| 25:51 | Build | House |
| 25:53 | Build | House |
| 25:55 | Research | Tech None |
| 25:55 | Build | Farm |
| 26:03 | Create | Rattan Archer |
| 26:12 | Build | Farm |
| 26:19 | Build | Farm |
| 26:21 | Build | Lumber Camp |
| 26:22 | Build | House |
| 26:38 | Research | Tech None |
| 26:38 | Build | Farm |
| 26:39 | Build | House |
| 26:45 | Build | Farm |
| 26:53 | Build | Archery Range |
| 27:01 | Build | Farm |
| 27:03 | Build | House |
| 27:09 | Build | Farm |
| 27:15 | Build | Farm |
| 27:26 | Build | Farm |
| 27:30 | Build | Mill |
| 27:34 | Build | Farm |
| 27:35 | Build | House |
| 27:40 | Build | Farm |
| 27:46 | Build | Mill |
| 27:55 | Build | Farm |
| 28:05 | Build | Mill |
| 28:10 | Build | Mill |
| 28:14 | Research | Tech None |
| 28:14 | Build | Farm |
| 28:20 | Research | Tech None |
| 28:20 | Build | Mining Camp |
| 28:26 | Build | Mill |
| 28:30 | Create | Monk |
| 28:38 | Research | Tech None |
| 28:42 | Build | Barracks |
| 28:43 | Build | Barracks |
| 29:01 | Build | Market |
| 29:02 | Research | Tech None |
| 29:06 | Build | House |
| 29:07 | Build | House |
| 29:24 | Build | Barracks |
| 29:31 | Build | Barracks |
| 30:01 | Build | House |
| 30:03 | Build | House |
| 30:06 | Build | Farm |
| 30:09 | Build | Farm |
| 30:14 | Build | Farm |
| 30:18 | Build | Farm |
| 30:26 | Build | Lumber Camp |
| 30:29 | Build | Castle |
| 30:34 | Build | Market |
| 30:52 | Research | Tech None |
| 30:53 | Research | Tech None |
| 30:55 | Research | Tech None |
| 30:55 | Create | Spearman |
| 30:59 | Create | Spearman |
| 31:13 | Build | House |
| 31:15 | Build | House |
Build order —
First 150 of 837 actions detected
| 1:44 | Build | Lumber Camp |
| 4:12 | Build | Mill |
| 5:30 | Build | Lumber Camp |
| 6:26 | Build | Mill |
| 7:25 | Build | Farm |
| 7:52 | Build | Farm |
| 8:42 | Build | Mining Camp |
| 9:30 | Build | Farm |
| 9:32 | Build | Farm |
| 9:34 | Research | Tech None |
| 9:43 | Build | Farm |
| 10:05 | Build | Farm |
| 11:24 | Build | Lumber Camp |
| 11:46 | Build | Market |
| 12:25 | Build | Blacksmith |
| 13:05 | Research | Tech None |
| 13:11 | Research | Tech None |
| 13:31 | Research | Tech None |
| 13:53 | Build | Farm |
| 13:56 | Build | Farm |
| 14:30 | Build | Farm |
| 15:46 | Research | Tech None |
| 15:46 | Build | Town Center |
| 15:49 | Build | Town Center |
| 15:51 | Research | Tech None |
| 15:55 | Build | Farm |
| 16:10 | Research | Tech None |
| 16:37 | Research | Tech None |
| 16:39 | Build | Farm |
| 16:52 | Build | Farm |
| 17:29 | Build | Farm |
| 17:31 | Build | Farm |
| 17:41 | Build | Farm |
| 18:00 | Build | Farm |
| 18:11 | Build | Farm |
| 18:19 | Build | Farm |
| 18:23 | Build | Farm |
| 18:37 | Build | Farm |
| 18:49 | Build | Farm |
| 18:59 | Build | Farm |
| 19:09 | Build | Farm |
| 19:21 | Build | Farm |
| 19:39 | Build | Farm |
| 19:41 | Build | Lumber Camp |
| 19:42 | Build | Farm |
| 19:55 | Build | Farm |
| 20:15 | Build | Farm |
| 20:27 | Build | Town Center |
| 20:33 | Build | Farm |
| 20:39 | Build | Farm |
| 20:50 | Build | Farm |
| 20:54 | Build | Farm |
| 20:59 | Build | Farm |
| 21:01 | Build | Farm |
| 21:13 | Build | Farm |
| 21:17 | Build | Farm |
| 21:24 | Build | Farm |
| 21:40 | Build | Farm |
| 21:46 | Build | Farm |
| 21:53 | Build | Monastery |
| 22:12 | Build | Siege Workshop |
| 22:29 | Build | Farm |
| 22:34 | Research | Tech None |
| 22:40 | Research | Tech None |
| 22:42 | Build | Farm |
| 22:45 | Build | Farm |
| 22:58 | Create | Monk |
| 23:01 | Build | Farm |
| 23:02 | Build | Farm |
| 23:08 | Research | Tech None |
| 23:28 | Build | Mining Camp |
| 23:32 | Build | Farm |
| 23:51 | Build | Farm |
| 24:01 | Build | Lumber Camp |
| 24:02 | Build | Farm |
| 24:12 | Create | Mangonel |
| 24:27 | Build | Farm |
| 24:37 | Build | Farm |
| 24:40 | Build | Mining Camp |
| 24:43 | Build | Farm |
| 24:51 | Build | Farm |
| 25:05 | Build | Farm |
| 25:13 | Build | Barracks |
| 25:15 | Build | Farm |
| 25:38 | Research | Tech None |
| 25:38 | Build | Farm |
| 25:42 | Research | Tech None |
| 25:53 | Build | Mill |
| 25:59 | Research | Tech None |
| 26:06 | Build | Barracks |
| 26:20 | Build | Barracks |
| 26:30 | Research | Tech None |
| 26:33 | Build | Barracks |
| 26:41 | Build | Farm |
| 26:43 | Build | Farm |
| 26:56 | Build | Farm |
| 26:59 | Build | Farm |
| 27:01 | Build | Farm |
| 27:03 | Build | Farm |
| 27:07 | Build | Stable |
| 27:15 | Build | Farm |
| 27:28 | Build | Farm |
| 27:38 | Build | Mill |
| 27:42 | Build | Barracks |
| 27:50 | Research | Tech None |
| 27:52 | Build | Barracks |
| 28:06 | Build | Lumber Camp |
| 28:10 | Build | Archery Range |
| 28:12 | Research | Tech None |
| 28:22 | Build | Market |
| 28:32 | Research | Tech None |
| 28:45 | Build | Market |
| 28:51 | Research | Tech None |
| 28:58 | Build | Market |
| 29:08 | Create | Cavalry Archer |
| 29:09 | Research | Tech None |
| 29:10 | Build | Market |
| 29:35 | Research | Tech None |
| 29:37 | Research | Tech None |
| 29:39 | Build | Farm |
| 29:43 | Research | Tech None |
| 29:51 | Build | Stable |
| 29:52 | Build | University |
| 30:00 | Build | Stable |
| 30:50 | Create | Spearman |
| 30:52 | Research | Tech None |
| 30:52 | Create | Spearman |
| 30:53 | Research | Tech None |
| 30:53 | Create | Spearman |
| 30:55 | Create | Spearman |
| 30:57 | Build | Stable |
| 30:59 | Build | Stable |
| 31:01 | Research | Tech None |
| 31:01 | Research | Tech None |
| 31:01 | Research | Tech None |
| 31:04 | Create | Knight |
| 31:07 | Build | Lumber Camp |
| 31:11 | Research | Tech None |
| 31:25 | Create | Battering Ram |
| 31:25 | Build | Castle |
| 31:27 | Research | Tech None |
| 31:33 | Build | Stable |
| 31:46 | Research | Tech None |
| 31:46 | Build | Stable |
| 31:50 | Create | Spearman |
| 31:50 | Build | Stable |
| 31:52 | Build | Siege Workshop |
| 31:57 | Research | Tech None |
| 31:57 | Build | Stable |
| 32:01 | Create | Spearman |
Build order —
First 150 of 319 actions detected
| 0:00 | Build | House |
| 0:03 | Build | House |
| 1:43 | Build | Lumber Camp |
| 3:46 | Build | House |
| 4:10 | Build | Mill |
| 5:15 | Build | Lumber Camp |
| 6:08 | Build | Mill |
| 6:25 | Build | House |
| 7:17 | Build | Farm |
| 7:45 | Build | Farm |
| 8:13 | Build | House |
| 8:55 | Build | Farm |
| 9:13 | Build | Farm |
| 9:26 | Research | Tech None |
| 10:03 | Build | Mining Camp |
| 11:07 | Build | Lumber Camp |
| 11:37 | Build | Market |
| 12:02 | Research | Tech None |
| 12:46 | Build | House |
| 12:50 | Build | Blacksmith |
| 13:16 | Research | Tech None |
| 13:42 | Research | Tech None |
| 13:47 | Research | Tech None |
| 13:47 | Build | House |
| 14:07 | Build | Farm |
| 14:27 | Build | Farm |
| 15:03 | Build | Farm |
| 15:05 | Build | Farm |
| 16:17 | Build | Farm |
| 16:19 | Build | Farm |
| 16:22 | Build | Farm |
| 16:24 | Build | Farm |
| 16:29 | Research | Tech None |
| 16:41 | Research | Tech None |
| 18:06 | Build | Town Center |
| 18:37 | Build | House |
| 18:55 | Build | Town Center |
| 18:56 | Build | House |
| 18:59 | Research | Tech None |
| 19:01 | Build | Farm |
| 19:10 | Build | House |
| 19:26 | Build | Farm |
| 19:41 | Build | Farm |
| 19:57 | Build | Farm |
| 20:09 | Build | Farm |
| 20:27 | Research | Tech None |
| 20:39 | Build | Castle |
| 20:41 | Build | Farm |
| 20:54 | Build | Farm |
| 21:01 | Build | Farm |
| 21:28 | Build | Lumber Camp |
| 21:31 | Build | Farm |
| 21:37 | Build | Farm |
| 21:54 | Build | Farm |
| 21:59 | Build | Farm |
| 22:04 | Build | Farm |
| 22:16 | Build | Farm |
| 22:18 | Research | Tech None |
| 22:21 | Build | Lumber Camp |
| 22:25 | Build | Farm |
| 22:30 | Build | Farm |
| 22:40 | Build | Farm |
| 22:49 | Build | Farm |
| 22:55 | Build | Farm |
| 23:12 | Build | Farm |
| 23:20 | Build | Farm |
| 23:32 | Create | Longbowman |
| 23:39 | Research | Tech None |
| 23:39 | Build | Town Center |
| 23:44 | Build | Farm |
| 23:59 | Create | Longbowman |
| 24:02 | Build | Farm |
| 24:10 | Build | Farm |
| 24:31 | Create | Longbowman |
| 24:32 | Build | Farm |
| 24:48 | Build | Monastery |
| 24:48 | Build | Monastery |
| 24:51 | Create | Longbowman |
| 24:52 | Research | Tech None |
| 24:55 | Build | Mining Camp |
| 25:03 | Build | Farm |
| 25:12 | Build | Farm |
| 25:23 | Create | Longbowman |
| 25:24 | Build | Farm |
| 25:25 | Research | Tech None |
| 25:36 | Build | Barracks |
| 25:48 | Research | Tech None |
| 25:59 | Build | House |
| 26:01 | Build | House |
| 26:06 | Build | Farm |
| 26:08 | Build | Mining Camp |
| 26:15 | Build | Farm |
| 26:19 | Create | Monk |
| 26:22 | Build | Farm |
| 26:28 | Build | Lumber Camp |
| 26:30 | Build | House |
| 26:36 | Research | Tech None |
| 26:38 | Build | Farm |
| 26:47 | Build | Farm |
| 26:53 | Create | Longbowman |
| 26:53 | Build | Farm |
| 27:04 | Build | Farm |
| 27:07 | Build | Archery Range |
| 27:17 | Create | Longbowman |
| 27:17 | Build | Farm |
| 27:19 | Build | House |
| 27:20 | Build | House |
| 27:28 | Build | Farm |
| 27:43 | Build | Farm |
| 27:46 | Build | House |
| 27:52 | Build | Archery Range |
| 27:57 | Build | Farm |
| 27:58 | Build | Farm |
| 28:01 | Build | Mill |
| 28:08 | Build | Farm |
| 28:09 | Build | House |
| 28:20 | Build | Farm |
| 28:24 | Build | Farm |
| 28:28 | Build | Farm |
| 28:32 | Build | House |
| 28:34 | Build | Farm |
| 28:37 | Build | Farm |
| 28:43 | Build | Mill |
| 28:49 | Build | Mill |
| 28:50 | Research | Tech None |
| 29:01 | Build | Mining Camp |
| 29:06 | Build | Mill |
| 29:14 | Research | Tech None |
| 29:21 | Build | Barracks |
| 29:26 | Build | Mining Camp |
| 29:27 | Build | Mining Camp |
| 29:50 | Build | House |
| 29:51 | Build | House |
| 29:54 | Build | University |
| 29:54 | Build | Market |
| 30:00 | Build | Lumber Camp |
| 30:10 | Build | Barracks |
| 30:19 | Research | Tech None |
| 30:27 | Build | Barracks |
| 30:38 | Build | Barracks |
| 30:45 | Build | Lumber Camp |
| 30:53 | Build | Market |
| 30:59 | Build | Barracks |
| 31:04 | Create | Spearman |
| 31:04 | Build | Castle |
| 31:05 | Research | Tech None |
| 31:05 | Build | House |
| 31:07 | Research | Tech None |
| 31:07 | Build | House |
| 31:24 | Build | Market |
Match timeline
| 1:34 | 重冲王 · wall_segment Palisade Wall x5 |
| 1:35 | 重冲王 · wall_segment Palisade Wall x1 |
| 1:37 | 重冲王 · wall_segment Palisade Wall x1 |
| 1:37 | 重冲王 · wall_segment Palisade Wall x1 |
| 1:38 | 重冲王 · wall_segment Palisade Wall x1 |
| 1:39 | 重冲王 · wall_segment Palisade Wall x1 |
| 1:40 | 重冲王 · wall_segment Palisade Wall x1 |
| 1:41 | 重冲王 · wall_segment Palisade Wall x1 |
| 1:53 | 重冲王 · wall_segment Palisade Wall x1 |
| 1:53 | 重冲王 · wall_segment Palisade Wall x1 |
| 1:54 | 重冲王 · wall_segment Palisade Wall x1 |
| 1:56 | 重冲王 · wall_segment Palisade Wall x1 |
| 1:57 | 重冲王 · wall_segment Palisade Wall x1 |
| 10:13 | About 130 points · age_up feudal |
| 10:56 | 冰棍砸大哥 · age_up feudal |
| 11:00 | 重冲王 · age_up feudal |
| 13:52 | About 130 points · age_up castle |
| 14:06 | About 130 points · first_building Monastery |
| 14:27 | 冰棍砸大哥 · age_up castle |
| 14:30 | 重冲王 · age_up castle |
| 14:57 | 重冲王 · first_building Monastery |
| 16:19 | · first_market_sell 100 food |
| 18:42 | 重冲王 · first_market_buy 100 wood |
| 20:29 | · first_building Monastery |
| 20:39 | · first_building Castle |
| 20:48 | · first_building Castle |
| 21:53 | · first_building Monastery |
| 21:56 | · first_market_sell 100 food |
| 22:12 | · first_building Siege Workshop |
| 22:27 | · first_building Castle |
| 22:43 | 冰棍砸大哥 · first_building Monastery |
| 22:51 | · first_market_buy 100 stone |
| 23:07 | · first_building Monastery |
| 23:28 | · first_building Siege Workshop |
| 23:38 | 重冲王 · first_market_sell 100 stone |
| 24:02 | · first_building Barracks |
| 24:04 | · first_market_sell 100 food |
| 24:31 | · first_building Barracks |
| 24:34 | · first_building Monastery |
| 24:48 | · first_building Monastery |
| 25:13 | · first_building Barracks |
| 25:13 | · first_market_sell 100 wood |
| 25:36 | · first_building Barracks |
| 25:36 | · first_building Archery Range |
| 26:24 | About 130 points · first_building Barracks |
| 26:32 | · first_building Barracks |
| 26:51 | 重冲王 · first_building Barracks |
| 26:51 | · first_building Archery Range |
| 27:07 | About 130 points · first_market_buy 100 food |
| 27:07 | · first_building Stable |
| 27:07 | · first_building Archery Range |
| 27:09 | · first_market_sell 100 wood |
| 27:19 | About 130 points · first_building Stable |
| 27:25 | 冰棍砸大哥 · first_building Castle |
| 27:40 | 重冲王 · first_building Stable |
| 28:06 | · first_market_buy 100 wood |
| 28:07 | About 130 points · first_building Castle |
| 28:10 | · first_building Archery Range |
| 28:18 | · first_building Stable |
| 28:59 | · first_building Castle |
| 29:07 | 重冲王 · first_building Castle |
| 29:38 | About 130 points · first_building Siege Workshop |
| 29:49 | 重冲王 · age_up imperial |
| 29:52 | · first_building Siege Workshop |
| 30:11 | 重冲王 · first_building Siege Workshop |
| 30:14 | · first_market_buy 100 stone |
| 30:23 | 冰棍砸大哥 · age_up imperial |
| 30:29 | About 130 points · age_up imperial |
| 31:17 | About 130 points · first_building Archery Range |
| 31:25 | · first_building Castle |
| 31:38 | · first_building Siege Workshop |
| 31:48 | · first_building Stable |
| 31:50 | · first_building Stable |
| 35:00 | · first_market_buy 100 stone |
| 35:11 | · first_building Siege Workshop |
| 35:17 | · first_building Archery Range |
| 45:11 | 冰棍砸大哥 · first_market_buy 500 stone |
| 45:15 | 冰棍砸大哥 · first_market_sell 500 food |
| 54:05 | · resign |
[ AI ANALYSIS · 1 CREDIT ]
What really happened in this match?
Wolo.gg analyzes every decision: build order, eco, micro, common mistakes by bracket. Personalized analysis on WhatsApp or Discord in 30 seconds.
Civ guide
Portuguese
Perfil
Jugador #21344050